 Dungeon Crawl Stone Soup version 0.32-a0-841-g4648e6c457 (webtiles) character file.

Game seed: 6189142459117015392

182145 TanisFugitVT the Phalangite (level 17, -1/133 HPs)
             Began as a Merfolk Monk on Mar 23, 2024.
             Was the Champion of Nemelex Xobeh.
             Killed by divine providence
             ... invoked by a meliai
              (10 damage)
             ... on level 1 of the Spider Nest on Mar 27, 2024.
             The game lasted 03:50:45 (31526 turns).

TanisFugitVT the Phalangite (Merfolk Monk)         Turns: 31526, Time: 03:50:50

Health: -1/133     AC: 25    Str: 18    XL:     17   Next: 96%
Magic:  23/23      EV: 17    Int: 10    God:    Nemelex Xobeh [******]
Gold:   2726       SH: 12    Dex: 17    Spells: 16/16 levels left

rFire   + + .        F - +9 lance "Wyrmbane" {slay drac, rPois rF+ rC+ AC+3}
rCold   + . .        x - +3 buckler of the Blacksmith {+Blink rC+}
rNeg    . . .        a - +6 acid dragon scales
rPois   +            r - +2 hat {SInv}
rElec   +            P - +2 cloak {Stlth+}
rCorr   +            E - +1 pair of gloves
SInv    +            b - +0 pair of boots
Will    ++...        G - amulet of Laenamuf {Faith rElec Will+ Regen+}
Stlth   +++++        t - +5 ring of evasion
HPRegen 1.22/turn    j - ring of fire
MPRegen 0.18/turn

%: faith
@: studying Evocations
A: (nimble swimmer 2), mertail
}: 1/15 runes: decaying
a: Renounce Religion, Evoke Blink, Draw Escape, Draw Destruction, Draw
Summoning, Triple Draw, Deal Four, Stack Five


You were on level 1 of the Spider Nest.
You worshipped Nemelex Xobeh.
Nemelex Xobeh was exalted by your worship.
You visited 6 branches of the dungeon, and saw 28 of its levels.
You also visited: Bailey, Gauntlet and Volcano.

You collected 3825 gold pieces.
You spent 1099 gold pieces at shops.

Inventory:

Hand Weapons
 F - the +9 lance "Wyrmbane" (weapon) {slay drac, rPois rF+ rC+ AC+3}
   (You took it off Maggie on level 8 of the Dungeon)

   AC+3:      It affects your AC (+3).
   rF+:       It protects you from fire.
   rC+:       It protects you from cold.
   rPois:     It protects you from poison.
 I - the +6 Majin-Bo {spellvamp, MP+6 Int+6}
   (You found it on level 8 of the Dungeon)

   Int+6:     It affects your intelligence (+6).
   MP+6:      It affects your magic capacity (+6).
Missiles
 l - 32 poisoned darts (quivered)
 p - 6 silver javelins
 A - 3 throwing nets
Armour
 a - +6 acid dragon scales (worn)
 b - a +0 pair of boots (worn)
 r - a +2 hat of see invisible (worn)
 x - the +3 buckler of the Blacksmith (worn) {+Blink rC+}
   (You found it on level 13 of the Dungeon)

   rC+:       It protects you from cold.
   +Blink:    It lets you blink.
 E - a +1 pair of gloves (worn)
 P - a +2 cloak of stealth (worn)
Jewellery
 h - an amulet of magic regeneration
 j - a ring of fire (right hand)
 t - a +5 ring of evasion (left hand)
 G - the amulet of Laenamuf (around neck) {Faith rElec Will+ Regen+}
   (You found it in a Gauntlet)

   [amulet of faith]

   Faith:     It allows you to gain divine favour quickly.
   rElec:     It insulates you from electricity.
   Will+:     It increases your willpower.
   Regen+:    It increases your rate of health regeneration.
 L - a ring of flight
Wands
 d - a wand of warping (27)
 k - a wand of flame (71)
 y - a wand of mindburst (34)
 D - a wand of light (9)
 R - a wand of paralysis (17)
 W - a wand of digging (9)
 X - a wand of polymorph (17)
Scrolls
 g - 3 scrolls of revelation
 i - 3 scrolls of immolation
 m - 12 scrolls of teleportation
 o - 3 scrolls of enchant weapon
 s - 4 scrolls of summoning
 v - 4 scrolls of blinking
 w - 4 scrolls of fear
 H - 4 scrolls of amnesia
 O - a scroll of fog
 Q - 9 scrolls of identify
 T - a scroll of torment
 U - 2 scrolls of poison
 V - 3 scrolls of vulnerability
Potions
 c - 2 potions of ambrosia
 f - 3 potions of magic
 n - 7 potions of brilliance
 q - 2 potions of lignification
 u - a potion of berserk rage
 z - 4 potions of enlightenment
 B - 3 potions of invisibility
 C - 6 potions of haste
 J - 2 potions of mutation
 M - 18 potions of curing
 S - 2 potions of resistance
 Y - 4 potions of heal wounds
 Z - 3 potions of might
Miscellaneous
 e - a phial of floods
 K - a tin of tremorstones (2/2)
 N - a lightning rod (4/4)


   Skills:
 - Level 11.7 Fighting
 + Level 25.0 Polearms
 + Level 5.0 Armour
 - Level 4.0 Dodging
 - Level 8.0 Stealth
 + Level 17.3 Shields
 - Level 8.0 Invocations
 - Level 12.0 Evocations


You had 16 spell levels left.
You didn't know any spells.
Your spell library contained the following spells:

 Spells                   Type           Power      Damage    Failure   Level
 Necrotise                Necr           0%         1d4       47%         1
 Shock                    Conj/Air       0%         1d3       47%         1
 Slow                     Hex            0%         N/A       47%         1
 Mercury Vapours          Alch/Air       0%         N/A       63%         2
 Sublimation of Blood     Necr           0%         N/A       63%         2
 Confusing Touch          Hex            0%         N/A       85%         3
 Fugue of the Fallen      Necr           0%         N/A       85%         3
 Hailstorm                Conj/Ice       0%         3d5       85%         3
 Inner Flame              Hex/Fire       0%         N/A       85%         3
 Mephitic Cloud           Conj/Alch/Air  0%         N/A       85%         3
 Ozocubu's Armour         Ice            0%         N/A       85%         3
 Passwall                 Erth           0%         N/A       85%         3
 Summon Ice Beast         Ice/Summ       0%         N/A       85%         3
 Swiftness                Air            0%         N/A       85%         3
 Vampiric Draining        Necr           0%         2d6       85%         3
 Volatile Blastmotes      Fire/Tloc      0%         2d10      85%         3
 Airstrike                Air            0%         2d(0-16)  99%         4
 Anguish                  Hex/Necr       0%         N/A       99%         4
 Cause Fear               Hex            0%         N/A       99%         4
 Flame Wave               Conj/Fire      0%         2d4       99%         4
 Manifold Assault         Tloc           0%         N/A       99%         4
 Martyr's Knell           Necr/Summ      0%         N/A       99%         4
 Petrify                  Alch/Erth      0%         N/A       99%         4
 Sticky Flame             Fire/Alch      0%         2d4       99%         4
 Summon Blazeheart Golem  Fire/Summ      0%         N/A       99%         4
 Curse of Agony           Necr           0%         N/A       100%        5
 Fireball                 Conj/Fire      0%         3d3       100%        5
 Freezing Cloud           Conj/Ice/Air   0%         6-21      100%        5
 Irradiate                Conj/Alch      0%         3d11      100%        5
 Summon Mana Viper        Hex/Summ       0%         N/A       100%        5
 Bombard                  Conj/Erth      0%         9d1       100%        6
 Dispersal                Tloc           0%         N/A       100%        6
 Permafrost Eruption      Ice/Erth       0%         2x4d2     100%        6
 Sculpt Simulacrum        Ice/Alch       0%         N/A       100%        6
 Enfeeble                 Hex            0%         N/A       100%        7
 Monstrous Menagerie      Summ           0%         N/A       100%        7
 Orb of Destruction       Conj           0%         9d5       100%        7
 Ozocubu's Refrigeration  Ice            0%         4d7       100%        7
 Spellforged Servitor     Conj/Summ      0%         N/A       100%        7
 Disjunction              Tloc           0%         N/A       100%        8
 Dragon's Call            Summ           0%         N/A       100%        9
 Polar Vortex             Ice            0%         N/A       100%        9


Dungeon Overview and Level Annotations

Branches:
Dungeon (15/15)            Temple (1/1) D:6            Lair (5/5) D:8
  Swamp (4/4) Lair:3       Spider (1/4) Lair:3        Slime (0/5) Lair:5
    Orc (2/2) D:12            Elf (0/3) Orc:2        Vaults (0/5) D:13
 Depths (0/4) D:15         Bailey (visited)         Volcano (visited)
Gauntlet (visited)

Altars:
Ashenzari
Cheibriados
Dithmenos
Elyvilon
Fedhas
Gozag
Hepliaklqana
Kikubaaqudgha
Makhleb
Nemelex Xobeh
Okawaru
Qazlal
Ru
Sif Muna
Trog
Uskayaw
Vehumet
Wu Jian
Xom
Yredelemnul
Zin
The Shining One
Beogh

Shops:
D:2 =?   D:9 *   D:15 ?   Orc:2 !=![*

Annotations:
D:15 3 runed translucent doors, Plog's ghost, journeyman DsMo; Veikh's ghost, journeyman SpDe; Xoisk's ghost, journeyman OnCA
Lair:3 1 runed translucent door, Wosere's ghost, journeyman OnCA


Innate Abilities, Weirdness & Mutations

((You are very nimble when in or above water. (Stealth+, EV+, Speed+++)))
Your lower body shifts to a powerful aquatic tail in water.


Message History

The meliai is almost dead.
The meliai mumbles some strange prayers to its god against you.
Something smites you!
You barely miss the meliai.
The meliai is almost dead.
The meliai hits you with a +0 hand axe. You block the meliai's attack.
You closely miss the meliai.
The meliai is almost dead.
You block the meliai's attack. x2
You puncture the meliai!
You kill the meliai!
You puncture the meliai!
The meliai is moderately wounded.
The meliai hits you with a +0 war axe! You block the meliai's attack.
You closely miss the meliai.
The meliai is moderately wounded.
The meliai barely misses you. You block the meliai's attack.
You closely miss the meliai.
The meliai is moderately wounded.
The meliai hits you but does no damage. You block the meliai's attack.
The meliai invokes the aid of its god against you.
Something smites you!
* * * LOW HITPOINT WARNING * * *
The meliai invokes the aid of its god against you.
Something smites you!
* * * LOW HITPOINT WARNING * * *
Blink to where?
Press: ? - help, Dir - move target
As you read the scroll of blinking, it crumbles to dust.
The meliai calls down the wrath of its god upon you.
Something smites you!
* * * LOW HITPOINT WARNING * * *
There is a crawl-hole back to the Lair, spattered with blood here.
The meliai calls down the wrath of its god upon you.
Something smites you!
* * * LOW HITPOINT WARNING * * *
The meliai mumbles some strange prayers to its god against you.
Something smites you!
You die...
Your body glows with a rainbow of weird colours and disappears.

#......^#...##...#^..#
#...........##y.....###
.....###....##y..#....#
.........#......####..#
.....#.##.....y.# ##.#
)./.......####.### ###
........^....†.y.##
.....##..#..#.....#
.##...^....##...@##
..^.....s..####..#
.....^...######..#
.#..#####....##.##
..#..........####
..^......#...#
#....#......##
...#.##.....#
...###..#..##


You could see 2 meliai.

Vanquished Creatures
  Jorgrun (Swamp:1)
  A thorn hunter (Swamp:4)
  Donald (Orc:2)
  The ghost of Weivoahu the Devastator, a journeyman HuAl of Vehumet (Swamp:1)
  2 fenstrider witches
  A frost giant (D:15)
  7 eleionomae
  A minotaur (Gauntlet)
  2 bunyips
  The ghost of croobank the Summoner, a journeyman GnSu of Ashenzari (Lair:1)
  An entropy weaver (D:13)
  A shambling mangrove (Swamp:4)
  A vault guard (D:13)
  19 hydras
  An ogre mage (D:15)
  5 centaur warriors
  A radroach (Spider:1)
  2 ghost crabs (Swamp:3)
  10 alligators
  A death knight (D:14)
  4 boulder beetles
  7 two-headed ogres
  A hell hog (Gauntlet)
  2 demonic crawlers (Spider:1)
  5 tengu warriors
  An orc high priest (Orc:1)
  14 death yaks
  A hell knight (Volcano)
  3 spriggans
  Sonja (Lair:4)
  A skeletal warrior (D:14)
  2 sixfirhies (Gauntlet)
  2 skysharks
  4 goliath frogs (Swamp:1)
  A pharaoh ant (Spider:1)
  An orb spider (Spider:1)
  A spriggan druid (Swamp:1)
  An arcanist (D:14)
  7 bog bodies
  An obsidian statue (Volcano)
  6 swamp dragons
  A phantasmal warrior (D:14)
  2 lindwurms (Lair:3)
  8 orc knights
  An obsidian bat (Orc:2)
  A deep elf pyromancer (D:11)
  5 wolf spiders
  Pikel (D:8)
  11 ugly things
  3 cyclopes
  A worldbinder (Gauntlet)
  8 will-o-the-wisps
  A meliai (Spider:1)
  20 elephants
  8 manticores
  14 black mambas
  An ice statue (D:9)
  A guardian serpent (Lair:5)
  Joseph (D:9)
  A smoke demon (Volcano)
  9 cane toads
  A torpor snail (Gauntlet)
  3 kobold blastminers (Orc:2)
  Maggie (D:8)
  An unseen horror (D:13)
  A freezing wraith (D:14)
  2 rime drakes
  7 komodo dragons
  A tengu conjurer (D:15)
  6 trolls
  7 tyrant leeches
  A bloated husk (Swamp:1)
  4 polar bears
  5 hornets
  4 dream sheep (Lair:5)
  15 blink frogs
  A spriggan (shapeshifter) (D:14)
  2 shadows (D:11)
  12 wyverns
  13 slime creatures
  A jumping spider (Lair:3)
  2 basilisks (D:13)
  57 yaks
  2 vampires
  A water elemental (D:15)
  2 wraiths (D:10)
  13 vampire mosquitoes
  7 fire bats
  Grum (D:11)
  Eustachio (D:6)
  6 redbacks
  2 steam dragons
  2 acid dragons
  16 water moccasins
  13 swamp worms
  3 hell hounds
  An ice beast (D:5)
  7 swamp drakes (Swamp:4)
  37 orc warriors
  6 ogres
  2 black bears (Lair:5)
  4 laughing skulls
  21 wolves
  A tengu (shapeshifter) (D:15)
  2 boggarts (Gauntlet)
  23 centaurs
  4 lemures (D:8)
  A phantom (D:4)
  5 kobold brigands
  14 bullfrogs
  3 gnoll sergeants
  2 scorpions
  5 wights
  3 killer bees (D:10)
  9 electric eels
  4 howler monkeys
  3 lava snakes (Volcano)
  3 hounds
  3 jellies (Lair:5)
  20 orc priests
  2 gnoll boudas
  3 iguanas
  31 orc wizards
  Terence (D:3)
  Robin (D:3)
  20 gnolls
  4 adders
  A shadow imp (D:5)
  A white imp (D:8)
  4 dart slugs
  A ribbon worm (D:3)
  73 orcs
  2 ball pythons
  5 bats
  2 endoplasms
  5 giant cockroaches
  12 goblins
  7 hobgoblins
  5 jackals
  3 quokkas (D:1)
  3 frilled lizards
  14 kobolds
  5 rats
828 creatures vanquished.

Vanquished Creatures (collateral kills)
  Mara (Swamp:4)
  Rupert (Orc:2)
  Gastronok (D:12)
  Azrael (Orc:2)
  A shambling mangrove (Swamp:4)
  2 hydras
  3 alligators (Swamp:3)
  A bog body (Swamp:4)
  A troll (D:12)
  A tyrant leech (Swamp:4)
  3 hornets (Swamp:4)
  2 yaks
  A fire elemental (Orc:2)
  A swamp worm (Swamp:3)
  6 hell hounds
  2 orc warriors
  A swamp drake (Swamp:4)
  5 kobold brigands (Bailey)
  4 orc priests (Orc:2)
  3 orc wizards (Orc:2)
  6 orcs (Orc:2)
  7 kobolds (Bailey)
54 creatures vanquished.

Vanquished Creatures (others)
  An alligator (Swamp:3)
  A goliath frog (Swamp:2)
  3 bloated husks
  A culicivora (Spider:1)
  A swamp worm (Swamp:3)
  An orc (Orc:2)
  A kobold (D:10)
  26 foxfires
35 creatures vanquished.

Grand Total: 917 creatures vanquished

Notes
Turn   | Place    | Note
-------+----------+-------------------------------------------
     0 | D:1      | TanisFugitVT the Merfolk Monk began the quest for the Orb.
     0 | D:1      | Reached XP level 1. HP: 18/18 MP: 1/1
   206 | D:1      | Reached XP level 2. HP: 16/24 MP: 2/2
  1055 | D:2      | Reached XP level 3. HP: 30/30 MP: 3/3
  1129 | D:2      | Found a faded altar of an unknown god.
  1281 | D:2      | Reached skill level 5 in Polearms
  1351 | D:2      | Found Wely's Magic Scroll Shop.
  1372 | D:2      | Bought a scroll of teleportation for 42 gold pieces
  1568 | D:2      | Found Odiamiaxt's Jewellery Shop.
  1635 | D:3      | Noticed Terence
  1643 | D:3      | Killed Terence
  1644 | D:3      | Reached XP level 4. HP: 27/38 MP: 4/4
  1730 | D:3      | Noticed Robin
  1745 | D:3      | Killed Robin
  2407 | D:4      | Noticed a phantom
  2416 | D:4      | Reached XP level 5. HP: 43/43 MP: 5/5
  2424 | D:4      | Killed a phantom
  2425 | D:4      | Reached skill level 5 in Fighting
  2425 | D:4      | Reached skill level 6 in Polearms
  2726 | D:4      | Reached skill level 1 in Evocations
  2726 | D:4      | Reached XP level 6. HP: 38/51 MP: 6/6
  3034 | D:4      | Reached skill level 7 in Polearms
  3180 | D:5      | Entered Level 5 of the Dungeon
  3219 | D:5      | Noticed a water moccasin
  3242 | D:5      | Killed a water moccasin
  3243 | D:5      | Reached XP level 7. HP: 28/58 MP: 7/7
  4053 | D:5      | Reached skill level 8 in Polearms
  4121 | D:5      | Found a snail-covered altar of Cheibriados.
  4121 | D:5      | Found a broken altar of Ashenzari.
  4128 | D:5      | Found an ancient bone altar of Kikubaaqudgha.
  4130 | D:5      | Found a faded altar of an unknown god.
  4131 | D:5      | Found a faded altar of an unknown god.
  4146 | D:5      | Prayed at the altar of an unknown god.
  4146 | D:5      | Became a worshipper of Nemelex Xobeh the Trickster
  4146 | D:5      | Reached * piety under Nemelex Xobeh
  4146 | D:5      | Received a gift from Nemelex Xobeh
  4146 | D:5      | Reached ** piety under Nemelex Xobeh
  4146 | D:5      | Received a gift from Nemelex Xobeh
  4165 | D:5      | Received a gift from Nemelex Xobeh
  4361 | D:5      | Reached *** piety under Nemelex Xobeh
  4840 | D:6      | Reached XP level 8. HP: 65/65 MP: 8/8
  4923 | D:6      | Noticed Eustachio
  4926 | D:6      | Noticed a yak
  4927 | D:6      | Killed Eustachio
  4930 | D:6      | Noticed a yak
  4930 | D:6      | Noticed a yak
  4930 | D:6      | Noticed a yak
  4934 | D:6      | Noticed a yak
  4936 | D:6      | Killed a yak
  4936 | D:6      | Noticed a yak
  4958 | D:5      | Killed a yak
  4959 | D:5      | Reached skill level 9 in Polearms
  5097 | D:6      | Killed a yak
  5112 | D:6      | Killed a yak
  5113 | D:6      | Reached skill level 5 in Evocations
  5127 | D:6      | Killed a yak
  5128 | D:6      | Reached XP level 9. HP: 54/74 MP: 9/9
  5145 | D:6      | Reached skill level 10 in Polearms
  5823 | D:6      | Received a gift from Nemelex Xobeh
  5855 | D:6      | Found a staircase to the Ecumenical Temple.
  5893 | Temple   | Entered the Ecumenical Temple
  6720 | D:7      | Reached skill level 11 in Polearms
  6737 | D:7      | Found a hide-covered altar of Uskayaw.
  7317 | D:7      | Reached XP level 10. HP: 36/84 MP: 10/10
  7465 | D:7      | Reached skill level 10 in Fighting
  7769 | D:8      | Reached **** piety under Nemelex Xobeh
  7779 | D:8      | Noticed Maggie
  7783 | D:8      | Killed Maggie
  7785 | D:8      | Reached skill level 12 in Polearms
  7869 | D:8      | Identified the +0 scale mail of Xecwak {*Corrode rElec
                  | rPois Int+4}
  7964 | D:8      | Received a gift from Nemelex Xobeh
  7998 | D:8      | Found a stormy altar of Qazlal.
  8160 | D:8      | Found a staircase to the Lair.
  8353 | D:8      | Noticed Pikel
  8372 | D:8      | Killed Pikel
  8417 | D:8      | Noticed a tengu warrior
  8450 | D:8      | Noticed a manticore
  8456 | D:8      | Killed a tengu warrior
  8457 | D:8      | Reached skill level 13 in Polearms
  8463 | D:8      | Killed a manticore
  8600 | D:8      | Noticed a cyclops
  8610 | D:8      | Killed a cyclops
  8611 | D:8      | Reached XP level 11. HP: 66/95 MP: 11/11
  8709 | D:8      | Found the +6 Majin-Bo {spellvamp, MP+6 Int+6}
  8734 | D:8      | Identified the amulet of the Special Mice {Reflect -Cast
                  | Rampage +Inv SH+5 Stlth+}
  8879 | D:8      | Noticed a manticore
  8892 | D:8      | Killed a manticore
  8893 | D:8      | Reached skill level 1 in Shields
  8893 | D:8      | Reached skill level 1 in Invocations
  9139 | D:8      | Reached skill level 14 in Polearms
  9396 | D:9      | Found Plog's General Store.
  9405 | D:9      | Bought a potion of haste for 110 gold pieces
  9405 | D:9      | Bought a scroll of identify for 22 gold pieces
  9445 | D:9      | Noticed Joseph
  9465 | D:9      | Killed Joseph
  9486 | D:9      | Identified the +6 chain mail "Wurackeg" {Harm Int-2 Dex+9}
  9504 | D:9      | Found a flagged portal.
  9518 | Bailey   | Entered a bailey
  9525 | Bailey   | Received a gift from Nemelex Xobeh
  9615 | Bailey   | Found a bloodstained altar of Trog.
 10141 | D:9      | Received a gift from Nemelex Xobeh
 10575 | D:9      | Upgraded the game from 0.32-a0-818-gb728d0252e to
                  | 0.32-a0-841-g4648e6c457
 10576 | D:10     | Entered Level 10 of the Dungeon
 10606 | D:10     | Received a gift from Nemelex Xobeh
 10924 | D:10     | Reached skill level 10 in Evocations
 11029 | D:10     | Found a radiant altar of Vehumet.
 11094 | D:10     | Found a hazy altar of Hepliaklqana.
 11386 | D:11     | Reached ***** piety under Nemelex Xobeh
 11446 | D:11     | Noticed a two-headed ogre
 11458 | D:11     | Noticed a red ugly thing
 11520 | D:10     | Killed a two-headed ogre
 11521 | D:10     | Reached XP level 12. HP: 69/101 MP: 15/15
 11705 | D:11     | Reached skill level 15 in Polearms
 11733 | D:10     | Reached skill level 5 in Invocations
 12123 | D:11     | Received a gift from Nemelex Xobeh
 12334 | D:11     | Noticed a two-headed ogre
 12344 | D:11     | Killed a two-headed ogre
 12345 | D:11     | Reached skill level 5 in Shields
 12398 | D:11     | Noticed Grum
 12431 | D:11     | Killed Grum
 13261 | D:12     | Noticed a tengu warrior
 13803 | D:12     | Noticed a boulder beetle
 13828 | D:12     | Killed a boulder beetle
 13872 | D:12     | Found a staircase to the Orcish Mines.
 13894 | D:12     | Killed a tengu warrior
 14223 | D:12     | Noticed Gastronok
 14240 | D:12     | Killed Gastronok
 14241 | D:12     | Reached skill level 16 in Polearms
 14452 | D:13     | Noticed a centaur warrior
 14468 | D:13     | Killed a centaur warrior
 14605 | D:13     | Noticed a vault guard
 14606 | D:13     | Noticed an entropy weaver
 14638 | D:13     | Killed a vault guard
 14639 | D:13     | Reached XP level 13. HP: 46/107 MP: 18/18
 14838 | D:13     | Found a gate to the Vaults.
 14846 | D:13     | Identified the +3 buckler of the Blacksmith {+Blink rC+}
 14859 | D:13     | Received a gift from Nemelex Xobeh
 15284 | D:13     | Killed an entropy weaver
 15285 | D:13     | Reached skill level 17 in Polearms
 15332 | D:13     | Received a gift from Nemelex Xobeh
 16351 | D:14     | Found a gate leading to a gauntlet.
 16356 | Gauntlet | Entered a Gauntlet
 16356 | Gauntlet | Found a transporter.
 16471 | Gauntlet | Found a transporter.
 16474 | Gauntlet | Found a transporter.
 16475 | Gauntlet | Found a transporter.
 16484 | Gauntlet | Found a transporter.
 16486 | Gauntlet | Found a transporter.
 16487 | Gauntlet | Found a transporter.
 16498 | Gauntlet | Found a transporter.
 16499 | Gauntlet | Found a transporter.
 16507 | Gauntlet | Found a transporter.
 16510 | Gauntlet | Found a transporter.
 16511 | Gauntlet | Found a transporter.
 16519 | Gauntlet | Found a transporter.
 16555 | Gauntlet | Found a transporter.
 16906 | Gauntlet | Reached skill level 18 in Polearms
 16913 | Gauntlet | Identified the amulet of Laenamuf {Faith rElec Will+
                  | Regen+}
 17017 | Gauntlet | Noticed a minotaur
 17026 | Gauntlet | Killed a minotaur
 17027 | Gauntlet | Reached skill level 10 in Shields
 17394 | D:14     | Reached XP level 14. HP: 103/114 MP: 20/20
 17613 | D:14     | Received a gift from Nemelex Xobeh
 17806 | D:14     | You fall into a shaft and drop 1 floor!
 17806 | D:15     | Entered Level 15 of the Dungeon
 17850 | D:15     | Reached skill level 19 in Polearms
 17856 | D:15     | Reached ****** piety under Nemelex Xobeh
 18017 | D:15     | Found Siekhett's Magic Scroll Emporium.
 18030 | D:15     | Bought a scroll of blinking for 127 gold pieces
 18030 | D:15     | Bought a scroll of enchant armour for 127 gold pieces
 18030 | D:15     | Bought a scroll of teleportation for 51 gold pieces
 18030 | D:15     | Bought a scroll of teleportation for 51 gold pieces
 18030 | D:15     | Bought a scroll of vulnerability for 68 gold pieces
 18199 | D:15     | Found a bloodstained altar of Trog.
 18318 | D:15     | Found a runed translucent gate.
 18318 | D:15     | Found a runed translucent gate.
 18318 | D:15     | Found an ancient bone altar of Kikubaaqudgha.
 18318 | D:15     | Noticed a lich
 18318 | D:15     | Noticed Xoisk's ghost (journeyman OnCA)
 18319 | D:15     | Found a runed translucent gate.
 18319 | D:15     | Noticed a lich
 18319 | D:15     | Noticed Veikh's ghost (journeyman SpDe)
 18319 | D:15     | Noticed Plog's ghost (journeyman DsMo)
 18470 | D:15     | Received a gift from Nemelex Xobeh
 18547 | D:15     | Found a staircase to the Depths.
 18547 | D:15     | Noticed a frost giant
 18555 | D:15     | Killed a frost giant
 19065 | Orc:1    | Entered Level 1 of the Orcish Mines
 19188 | Orc:1    | Reached skill level 20 in Polearms
 19329 | Orc:1    | Found a roughly hewn altar of Beogh.
 19367 | Orc:2    | Entered Level 2 of the Orcish Mines
 19494 | Orc:2    | Found a staircase to the Elven Halls.
 19672 | Orc:1    | Received a gift from Nemelex Xobeh
 20721 | Orc:2    | Found Nitipt's Distillery.
 20721 | Orc:2    | Found Ocoajom's Jewellery Shoppe.
 20723 | Orc:2    | Found Bexuynur's Distillery.
 20725 | Orc:2    | Found Qamed's Antique Armour Shop.
 20732 | Orc:2    | Bought a potion of heal wounds for 75 gold pieces
 20732 | Orc:2    | Bought a potion of haste for 150 gold pieces
 20732 | Orc:2    | Bought a potion of might for 60 gold pieces
 20735 | Orc:2    | Bought 2 potions of curing for 72 gold pieces
 20735 | Orc:2    | Bought a potion of mutation for 96 gold pieces
 20735 | Orc:2    | Bought a potion of might for 48 gold pieces
 20800 | Orc:2    | Noticed Donald
 20832 | Orc:2    | Noticed Rupert
 20853 | Orc:2    | Killed Rupert
 20854 | Orc:2    | Reached XP level 15. HP: 113/120 MP: 21/21
 20882 | Orc:2    | Noticed Azrael
 20884 | Orc:2    | Killed Azrael
 20908 | Orc:2    | Killed Donald
 20909 | Orc:2    | Reached skill level 21 in Polearms
 20954 | Orc:2    | Received a gift from Nemelex Xobeh
 21084 | Orc:2    | Found Nychialu's CLEARANCE SALE!.
 21304 | Lair:1   | Entered Level 1 of the Lair of Beasts
 21312 | Lair:1   | Received a gift from Nemelex Xobeh
 21370 | Lair:1   | Found a runed translucent door.
 21370 | Lair:1   | Noticed croobank's ghost (journeyman GnSu)
 21568 | Lair:1   | Found a dark tunnel.
 21573 | Volcano  | Entered a volcano
 21594 | Volcano  | Received a gift from Nemelex Xobeh
 21877 | Volcano  | Found a burning altar of Makhleb.
 21938 | Volcano  | Identified the +0 helmet "Hoshraaga" {rPois rN+}
 22268 | Lair:1   | Killed croobank's ghost
 22581 | Lair:2   | Received a gift from Nemelex Xobeh
 23170 | Lair:2   | Reached skill level 22 in Polearms
 23313 | Lair:2   | Found a shimmering blue altar of Sif Muna.
 23512 | Lair:3   | Received a gift from Nemelex Xobeh
 23611 | Lair:3   | Found a staircase to the Swamp.
 23996 | Lair:3   | Received a gift from Nemelex Xobeh
 24149 | Lair:3   | Found a hole to the Spider Nest.
 24269 | Lair:3   | Found a runed translucent door.
 24272 | Lair:3   | Found a shimmering altar of Xom.
 24272 | Lair:3   | Noticed Wosere's ghost (journeyman OnCA)
 24480 | Lair:3   | Received a gift from Nemelex Xobeh
 24582 | Lair:4   | Noticed Sonja
 24605 | Lair:4   | Killed Sonja
 24814 | Lair:4   | Reached XP level 16. HP: 127/127 MP: 22/22
 24827 | Lair:4   | Reached skill level 15 in Shields
 24895 | Lair:4   | Received a gift from Nemelex Xobeh
 25182 | Lair:4   | Received a gift from Nemelex Xobeh
 25430 | Lair:5   | Entered Level 5 of the Lair of Beasts
 25445 | Lair:5   | Received a gift from Nemelex Xobeh
 25639 | Lair:5   | Reached skill level 23 in Polearms
 26100 | Lair:5   | Received a gift from Nemelex Xobeh
 26225 | Lair:5   | Found an iron altar of Okawaru.
 26284 | Lair:5   | Found a staircase to the Slime Pits.
 26656 | Lair:5   | Received a gift from Nemelex Xobeh
 26802 | Lair:5   | Identified the +9 war axe "Amuxum" {holy, Dex+2}
 26852 | Lair:5   | Identified the +4 robe of Loss {Str+3}
 27132 | Swamp:1  | Entered Level 1 of the Swamp
 27223 | Swamp:1  | Reached skill level 1 in Stealth
 27282 | Swamp:1  | Reached skill level 1 in Armour
 27337 | Swamp:1  | Noticed a fenstrider witch
 27354 | Swamp:1  | Killed a fenstrider witch
 27658 | Swamp:1  | Reached skill level 24 in Polearms
 27660 | Swamp:1  | Found a large runed translucent door.
 27661 | Swamp:1  | Found a large runed translucent door.
 27691 | Swamp:1  | Noticed Weivoahu's ghost (journeyman HuAl)
 27715 | Swamp:1  | Killed Weivoahu's ghost
 27761 | Swamp:1  | Received a gift from Nemelex Xobeh
 28116 | Swamp:2  | Received a gift from Nemelex Xobeh
 28410 | Swamp:2  | Noticed Jorgrun
 28442 | Swamp:1  | Reached XP level 17. HP: 50/133 MP: 23/23
 28525 | Swamp:1  | Killed Jorgrun
 28639 | Swamp:2  | Found an ornate altar of the Wu Jian Council.
 29000 | Swamp:2  | Identified the +1 halberd "Nuoweq" {heavy, rN++ rCorr
                  | Int+4}
 29245 | Swamp:2  | Reached skill level 5 in Stealth
 29401 | Swamp:3  | Received a gift from Nemelex Xobeh
 29744 | Swamp:3  | Received a gift from Nemelex Xobeh
 29963 | Swamp:4  | Entered Level 4 of the Swamp
 30268 | Swamp:4  | Received a gift from Nemelex Xobeh
 30847 | Swamp:4  | Got a decaying rune of Zot
 30858 | Swamp:4  | Noticed Mara
 30917 | Swamp:4  | Killed Mara
 31138 | Spider:1 | Entered Level 1 of the Spider Nest
 31346 | Spider:1 | Received a gift from Nemelex Xobeh
 31369 | Spider:1 | Reached skill level 25 in Polearms
 31418 | Spider:1 | Reached skill level 5 in Armour
 31526 | Spider:1 | Killed from afar by a meliai

Illustrated notes

Levels and vault maps discovered:
D:1:      reono_arrival_mine, layout_basic, nrook_mini_vaults
D:2:      layout_basic, shapermc_ecumenical_altar_ellora, serial_shops, shop,
          nicolae_shop_trees, kennysheep_path_1
D:3:      layout_basic, chequers_avenue, uniq_terence, uniq_robin
D:4:      layout_cave_pools
D:5:      layout_layer_cave, chequers_temple_overflow_minitemple
D:6:      layout_loops_ring, minmay_temple_entry_wispy, uniq_eustachio
D:7:      layout_loops_ring, general_overflow_altar, kennysheep_pointless_box,
          serial_bayou_pond_b
D:8:      nzn_winding_woodlands_large [nzn_winding_woodlands_5x5_checkerboard,
          nzn_winding_woodlands_5x15_garden, nzn_winding_woodlands_5x5_three,
          nzn_winding_woodlands_center_triple_pond,
          nzn_winding_woodlands_15x15_eel_pit,
          nzn_winding_woodlands_center_diamonds,
          nzn_winding_woodlands_5x5_default, nzn_winding_woodlands_5x15_pockets,
          nzn_winding_woodlands_5x5_default], layout_loops_ring,
          lemuel_crystal_altar, david_lair_shrubbed, uniq_maggie, uniq_pikel
D:9:      statuecave_lemuel, layout_stronghold, serial_shops,
          nicolae_shop_peninsula, enter_bailey_3, roderic_cross_of_infinity,
          uniq_joseph
D:10:     layout_rooms, kennysheep_mini, amcnicky_altar_gilded,
          grunt_ministairs_14
D:11:     minmay_cornered_nines, layout_layer_cave, uniq_grum
D:12:     layout_loops_ring, hiddenorc1_lemuel, uniq_gastronok
D:13:     layout_basic, hellmonk_vaults_order_and_chaos,
          nicolae_houndstooth_variations
D:14:     layout_basic, minmay_misc_feat_columns, gauntlet_entry_generic
D:15:     grunt_enter_depths_snipers, layout_basic, gammafunk_ghost_crypt,
          serial_rivers, chequers_serial_rivers_small_3,
          chequers_serial_rivers_micro_d, chequers_serial_rivers_marsh,
          chequers_serial_rivers_room_b, chequers_serial_rivers_room_a,
          serial_shops, nicolae_shop_trees, trog_ov_bears_minmay
Temple:   minmay_freezing_vapour_temple
Lair:1:   layout_cave_shapes, hellmonk_ghost_happy_afterlife, enter_volcano_4
Lair:2:   layout_cave_pods, lemuel_centaur_altar, grunt_megastairs_3
Lair:3:   layout_gridlike, minmay_swamp_entry_swarm, spider_nest_entry_a,
          ebering_ghost_xom, chequers_serial_rivers_large_b,
          nicolae_lair_lindhole
Lair:4:   layout_gridlike, infiniplex_staircase_pool_2, uniq_sonja
Lair:5:   hangedman_lair_tendril_chambers, layout_regular_city,
          minmay_slime_entry_pillars, basic_altar, gammafunk_lair_bear_cave
Swamp:1:  layout_basic_swamp, ebering_ghost_disaster_area,
          evilmike_swamp_ruin_wall, swamp_pool_3, nicolae_swamp_spooky_pond
Swamp:2:  layout_basic_swamp, lemuel_altar_in_water, uniq_jorgrun
Swamp:3:  layout_basic_swamp, hangedman_swamp_ruin_wall
Swamp:4:  swamp_basic_johnstein, layout_basic_swamp, uniq_mara
Spider:1: layout_spider_delve, hellmonk_test_site
Orc:1:    layout_diamond_mine, nicolae_orc_seminary
Orc:2:    st_orc_rangers, layout_diamond_mine, nicolae_shop_clearance,
          uniq_donald, uniq_rupert, uniq_azrael

Skill      XL: |  1  2  3  4  5  6  7  8  9 10 11 12 13 14 15 16 17 |
---------------+----------------------------------------------------+-----
Fighting       | 4 5 6 8 9 11 | 11.7
Polearms       | 5 6 7 8 9 11 13 14 16 18 20 22 24 25 | 25.0
Evocations     | 1 2 3 5 7 8 10 12 | 12.0
Shields        | 4 7 10 12 14 16 17 | 17.3
Invocations    | 4 7 8 |  8.0
Stealth        | 4 8 |  8.0
Armour         | 2 5 |  5.0
Dodging        | |  4.0

Action                     |  1- 3 |  4- 6 |  7- 9 | 10-12 | 13-15 | 16-18 || total
---------------------------+-------+-------+-------+-------+-------+-------++-------
  Melee: Spear             |   108 |   182 |   361 |       |       |       ||   651
         Bardiche          |       |       |    82 |    39 |       |       ||   121
         Lance             |       |       |       |   661 |  1839 |  1536 ||  4036
         Tailslap          |       |       |       |     6 |    24 |   105 ||   135
  Throw: Dart              |       |       |       |    43 |    15 |     4 ||    62
 Invoke: Draw Destruction  |       |       |     8 |     2 |    10 |     9 ||    29
         Draw Summoning    |       |       |     1 |     7 |     5 |     8 ||    21
         Draw Escape       |       |       |       |       |       |     3 ||     3
         Triple Draw       |       |       |       |       |       |     2 ||     2
  Evoke: Wand              |       |       |     1 |     5 |     4 |     1 ||    11
    Use: Scroll            |     1 |     3 |    10 |     7 |    14 |     7 ||    42
         Potion            |     1 |     1 |     1 |     6 |     6 |     2 ||    17
   Stab: Sleeping          |       |       |       |     4 |    10 |    14 ||    28
         Distracted        |       |       |       |     2 |     5 |     8 ||    15
 Armour: Robe              |    14 |       |       |       |       |       ||    14
         Leather armour    |    17 |       |       |       |       |       ||    17
         Scale mail        |       |    93 |   192 |    42 |       |       ||   327
         Acid dragon scale |       |       |       |   210 |   580 |   698 ||  1488
  Dodge: Dodged            |    31 |    53 |   223 |   240 |   600 |   720 ||  1867
  Block: Buckler           |       |       |       |   158 |   576 |   622 ||  1356
         Reflection        |       |       |       |    11 |     1 |       ||    12

Table legend: (Time is in decaauts)
 A = Elapsed time spent in this place.
 B = Non-inter-level travel time spent in this place.
 C = Inter-level travel time spent in this place.
 D = Time resting spent in this place.
 E = Time spent auto-exploring this place.
 F = Levels seen in this place.
 G = Mean time per level.
                   A        B        C        D        E       F      G
               +--------+--------+--------+--------+--------+-----+--------+
         Total |  28982 |  27804 |   1178 |   5108 |   6709 |  31 |  934.9 |
       Dungeon |  17606 |  16928 |    678 |   3633 |   4893 |  15 | 1173.7 |
        Temple |      1 |      1 |      0 |      0 |      0 |   1 |    1.0 |
          Lair |   4803 |   4526 |    277 |    212 |   1227 |   5 |  960.6 |
         Swamp |   3258 |   3122 |    136 |    703 |    433 |   4 |  814.5 |
   Spider Nest |    331 |    331 |      0 |     77 |      0 |   1 |  331.0 |
  Orcish Mines |   1883 |   1797 |     86 |    124 |    156 |   2 |  941.5 |
        Bailey |    121 |    121 |      0 |      0 |      0 |   1 |  121.0 |
       Volcano |    328 |    328 |      0 |     43 |      0 |   1 |  328.0 |
      Gauntlet |    649 |    649 |      0 |    315 |      0 |   1 |  649.0 |
               +--------+--------+--------+--------+--------+-----+--------+

Top non-repeatable levels by time:
     D:8: 1856 daAuts
     D:5: 1664 daAuts
    D:13: 1461 daAuts
    D:12: 1456 daAuts
    D:11: 1366 daAuts
  Lair:5: 1353 daAuts
     D:6: 1316 daAuts
   Orc:2: 1314 daAuts
     D:7: 1307 daAuts
 Swamp:1: 1132 daAuts
    D:14: 1074 daAuts
    D:15: 1048 daAuts
  Lair:2: 1020 daAuts
     D:1: 1018 daAuts
  Lair:3: 978 daAuts
